 Dungeon Crawl Stone Soup version 0.27-a0-836-gfc908b8576 (webtiles) character file.

Game seed: 14717278883129931424

19471 tilp the Basher (level 12, -17/132 HPs)
             Began as an Ogre Warper on Apr 1, 2021.
             Was an Elder of Nemelex Xobeh.
             Shot with a bolt by an orc knight (30 damage)
             ... on level 1 of the Orcish Mines.
             The game lasted 00:49:29 (30618 turns).

tilp the Basher (Ogre Warper)                      Turns: 30618, Time: 00:49:30

Health: -17/132    AC:  6    Str: 18    XL:     12   Next: 69%
Magic:  18/18      EV: 10    Int: 18    God:    Nemelex Xobeh [****..]
Gold:   512        SH:  5    Dex:  8    Spells: 11/19 levels left

rFire    . . .     SeeInvis .   a - +5 flail (freeze)
rCold    . . .     Faith    .   (no shield)
rNeg     . . .     Spirit   .   q - +2 robe {Will+}
rPois    .         Reflect  +   J - +1 hat {Stlth+}
rElec    .         Harm     .   (no cloak)
rCorr    .         Rampage  .   (gloves unavailable)
Will     ++...                  (boots unavailable)
Stlth    +++.......             l - amulet of reflection
HPRegen  0.32/turn              (no ring)
MPRegen  0.16/turn              (no ring)

@: no status effects
A: large, unfitting armour, tough skin 1
a: Renounce Religion, Draw Escape, Draw Destruction, Draw Summoning, Triple
Draw, Deal Four


You were on level 1 of the Orcish Mines.
You worshipped Nemelex Xobeh.
Nemelex Xobeh was greatly pleased with you.
You visited 2 branches of the dungeon, and saw 13 of its levels.

You collected 756 gold pieces.
You spent 244 gold pieces at shops.

Inventory:

Hand Weapons
 a - a +5 flail of freezing (weapon)
 p - a +3 dire flail
 y - a +0 giant club
 B - a +0 vorpal giant spiked club
Missiles
 e - 12 boomerangs of dispersal {!f}
 f - 22 boomerangs
 g - 8 large rocks
 j - 22 poisoned darts (quivered)
 o - 4 throwing nets {!f}
 H - a curare-tipped dart
Armour
 q - a +2 robe of willpower (worn)
 G - a +2 kite shield
 J - a +1 hat of stealth (worn)
 M - +0 acid dragon scales
Jewellery
 l - an amulet of reflection (around neck)
Wands
 b - a wand of random effects (31)
 m - a wand of iceblast (3)
 E - a wand of digging (5)
 N - a wand of acid (2)
 R - a wand of flame (20)
Scrolls
 h - a scroll of silence {unknown}
 i - a scroll of vulnerability
 n - 3 scrolls of fog
 r - 2 scrolls of magic mapping
 w - a scroll of brand weapon
 x - a scroll of enchant armour {unknown}
 A - a scroll of blinking
 D - a scroll of immolation {unknown}
 F - a scroll of teleportation
 L - a scroll of summoning {unknown}
 O - a scroll of noise {unknown}
Potions
 c - 3 potions of mutation
 d - 2 potions of might
 k - a potion of attraction
 s - a potion of cancellation
 t - 2 potions of brilliance
 u - 3 potions of curing
 v - 2 potions of ambrosia
 z - a potion of magic
 I - a potion of haste
 K - a potion of resistance {unknown}
 Q - 2 potions of flight


   Skills:
 - Level 12.0 Fighting
 * Level 13.9 Maces & Flails
 - Level 1.0 Throwing
 - Level 4.0 Dodging
 - Level 2.0 Stealth
 - Level 4.0 Spellcasting
 - Level 6.0 Translocations
 - Level 4.0 Invocations
 - Level 4.0 Evocations


You had 11 spell levels left.
You knew the following spells:

 Your Spells              Type           Power      Damage    Failure   Level
a - Blink                 Tloc           N/A        N/A       1%          2
b - Lesser Beckoning      Tloc           12%        N/A       3%          3
c - Teleport Other        Tloc           25%        N/A       3%          3

Your spell library contained the following spells:

 Spells                   Type           Power      Damage    Failure   Level
 Gell's Gravitas          Tloc           12%        N/A       3%          3
 Portal Projectile        Hex/Tloc       28%        N/A       13%         3
 Corona                   Hex            3%         N/A       14%         1
 Slow                     Hex            3%         N/A       22%         2
 Manifold Assault         Tloc           25%        N/A       34%         5
 Inner Flame              Hex/Fire       3%         N/A       41%         3
 Cause Fear               Hex            1%         N/A       82%         4
 Leda's Liquefaction      Hex/Erth       1%         N/A       82%         4
 Bolt of Magma            Conj/Fire/Erth 1%         4d4       99%         5
 Iskenderun's Battlesphe  Conj           3%         2d6       99%         5
 Iron Shot                Conj/Erth      1%         9d1       100%        6
 Orb of Destruction       Conj           1%         N/A       100%        7
 Spellforged Servitor     Conj/Summ      1%         N/A       100%        7


Dungeon Overview and Level Annotations

Branches:
Dungeon (11/15)            Temple (0/1) D:4            Lair (0/6) D:11
    Orc (2/2) D:11
    Elf: Orc:2

Altars:
Cheibriados
Dithmenos
Gozag
Makhleb
Nemelex Xobeh
Qazlal
Ru
Sif Muna
Uskayaw
Xom

Shops:
D:1 [   D:9 ?

Annotations:
D:7 exclusions: gargoyle and orc warrior
D:9 2 runed translucent doors
D:10 exclusions: door, fire dragon and 3 skeletal warriors
Orc:2 Sonja


Innate Abilities, Weirdness & Mutations

You are too large for most types of armour.
You have tough skin. (AC +1)


Message History

The orc knight is healed somewhat.
The orc knight unwields a +0 battleaxe.
The orc knight wields a +0 arbalest.
The orc knight shoots a bolt.
The bolt hits you!
* * * LOW HITPOINT WARNING * * *
The orc barely misses you.
The orc priest invokes the aid of Beogh against you.
Beogh smites you!
* * * LOW HITPOINT WARNING * * *
The orc knight shoots a bolt.
You reflect the bolt off an invisible shield around you!
The bolt hits the orc knight!
The orc priest invokes the aid of Beogh against you.
Beogh smites you!
* * * LOW HITPOINT WARNING * * *
The orc hits you with a +0 club.
* * * LOW HITPOINT WARNING * * *
The orc knight shoots a bolt.
The bolt barely misses you.
You see here a +0 plate armour.
The orc knight shoots a bolt.
The bolt closely misses you.
The orc priest invokes the aid of Beogh against you.
Beogh smites you!
* * * LOW HITPOINT WARNING * * *
The orc knight shoots a bolt.
The bolt barely misses you.
The orc priest looks encouraged for a moment.
The orc priest miscasts a cantrip.
The orc priest no longer looks unusually strong.
The orc priest calls upon Beogh to heal something.
Things that are here:
a +0 plate armour; a +0 halberd
Things that are here:
a +0 club; a +0 flail The orc no longer looks unusually strong.
Items here: ))) [[.
There is a staircase back to the Dungeon, spattered with blood here.
You see here a +0 dagger.
You thump the orc! You freeze the orc.
You kill the orc!
The orc knight shoots a bolt.
The bolt hits you!!
You die...
Your body disappears without a glow.

### ### ##.## ##.##
#..)# #...# ##[@##
####..## ###
#.)[###.#...#
##.####)).#...#.##
#...##.)[##......#
##.......###.#[..#
##..#..#.###[..####
##.........#..###.##
#.......o.....##...#
##....#.#....####.#####


You could see an orc knight.

Vanquished Creatures
  A boulder beetle (D:11)
  A two-headed ogre (D:9)
  A skeletal warrior (D:10)
  An orb spider (D:11)
  3 manticores (D:11)
  An orc sorcerer (Orc:1)
  A cyclops (D:11)
  4 centaur zombies
  2 gargoyles
  A komodo dragon (D:10)
  4 trolls
  A hornet (D:8)
  3 shadows
  11 yaks
  5 wraiths
  A wyvern (D:2)
  Eustachio (D:8)
  A warg (Orc:1)
  An acid dragon (D:10)
  4 water moccasins
  A swamp drake (D:11)
  An ice beast (D:6)
  3 black bears
  16 orc warriors
  2 necrophages (D:5)
  5 centaurs
  8 ogres
  2 kobold brigands
  6 bullfrogs
  4 gnoll sergeants
  6 scorpions
  A water moccasin zombie (D:5)
  11 killer bees
  5 wights
  4 howler monkeys
  An electric eel (D:6)
  A bullfrog zombie (D:5)
  2 hounds
  A bullfrog skeleton (D:5)
  3 jellies
  2 gnoll shamans
  19 orc priests
  2 centaur skeletons
  Jessica (D:3)
  3 iguanas
  19 orc wizards
  Natasha (twice) (D:3)
  A killer bee zombie (D:7)
  24 gnolls
  5 adders
  A river rat (D:6)
  2 white imps (D:6)
  An ufetubus (D:7)
  A worm (D:3)
  5 dart slugs
  58 orcs
  7 bats
  9 endoplasms
  3 giant cockroaches
  25 goblins
  34 hobgoblins
  7 jackals
  5 quokkas
  12 ball pythons
  4 frilled lizards
  26 kobolds
  8 rats
  A butterfly (D:7)
418 creatures vanquished.

Vanquished Creatures (collateral kills)
  Gastronok (D:9)
  An orc knight (Orc:1)
  A troll (Orc:1)
  4 yaks (D:8)
  An orc warrior (Orc:1)
  A hornet zombie (D:8)
  An orc (Orc:1)
10 creatures vanquished.

Vanquished Creatures (others)
  39 fungi (D:11)
  57 plants (D:11)
96 creatures vanquished.

Grand Total: 524 creatures vanquished

Notes
Turn   | Place    | Note
-------+----------+-------------------------------------------
     0 | D:1      | tilp the Ogre Warper began the quest for the Orb.
     0 | D:1      | Reached XP level 1. HP: 22/22 MP: 3/3
   134 | D:1      | Found Ronos's Antique Armour Emporium.
   264 | D:1      | Reached XP level 2. HP: 16/32 MP: 5/5
  1172 | D:1      | Reached XP level 3. HP: 35/40 MP: 6/6
  1589 | D:2      | Found a sacrificial altar of Ru.
  1592 | D:2      | Found a sparkling altar of Nemelex Xobeh.
  1607 | D:2      | Reached skill level 5 in Fighting
  1679 | D:1      | Reached XP level 4. HP: 9/52 MP: 7/7
  1934 | D:1      | Learned a level 2 spell: Blink
  2675 | D:2      | Reached XP level 5. HP: 52/59 MP: 9/9
  4521 | D:3      | Noticed Jessica
  4533 | D:3      | Killed Jessica
  4539 | D:3      | Found a stormy altar of Qazlal.
  4541 | D:3      | Found a snail-covered altar of Cheibriados.
  4626 | D:3      | Noticed a wyvern
  4986 | D:3      | Reached XP level 6. HP: 58/67 MP: 11/11
  4995 | D:3      | Learned a level 3 spell: Lesser Beckoning
  4999 | D:3      | Learned a level 3 spell: Teleport Other
  5109 | D:3      | Noticed Natasha
  5113 | D:3      | Noticed Natasha
  5113 | D:3      | Natasha changed into Natasha the iguana
  5121 | D:3      | Killed Natasha the iguana
  5121 | D:3      | HP: 2/67 [orc/iceblast (16)]
  5144 | D:2      | Found an opulent altar of Gozag.
  5437 | D:2      | Became a worshipper of Nemelex Xobeh the Trickster
  5471 | D:2      | Killed a wyvern
  5472 | D:2      | Reached skill level 3 in Maces & Flails
  5871 | D:3      | Noticed Natasha
  5881 | D:3      | Killed Natasha
  5882 | D:3      | Reached XP level 7. HP: 48/75 MP: 13/13
  6066 | D:3      | Noticed Natasha
  6074 | D:3      | Killed Natasha
  6299 | D:1      | Bought an embroidered robe for 92 gold pieces
  6458 | D:4      | Reached skill level 4 in Maces & Flails
  6895 | D:4      | Found a staircase to the Ecumenical Temple.
  7080 | D:4      | Reached skill level 1 in Stealth
  7199 | D:4      | Found a sparkling altar of Nemelex Xobeh.
  7624 | D:5      | Entered Level 5 of the Dungeon
  7910 | D:5      | Reached * piety under Nemelex Xobeh
  7942 | D:5      | Reached XP level 8. HP: 70/87 MP: 14/14
  8410 | D:5      | Received a gift from Nemelex Xobeh
 10342 | D:6      | Reached skill level 5 in Maces & Flails
 10640 | D:6      | Reached XP level 9. HP: 12/100 MP: 15/15
 11329 | D:6      | Reached skill level 10 in Fighting
 11329 | D:6      | Reached skill level 6 in Maces & Flails
 12032 | D:6      | Received a gift from Nemelex Xobeh
 12045 | D:6      | Reached skill level 7 in Maces & Flails
 12149 | D:5      | Identified the +3 buckler of Gallantry {Will+}
 14715 | D:6      | Reached skill level 8 in Maces & Flails
 14818 | D:7      | Reached skill level 1 in Invocations
 14818 | D:7      | Reached skill level 1 in Evocations
 14856 | D:7      | Reached XP level 10. HP: 15/110 MP: 16/16
 15222 | D:7      | Reached ** piety under Nemelex Xobeh
 15267 | D:7      | Found a shadowy altar of Dithmenos.
 15692 | D:7      | Found a burning altar of Makhleb.
 15692 | D:7      | Found a shimmering altar of Xom.
 15867 | D:7      | Noticed a gargoyle
 16921 | D:8      | Found a shimmering blue altar of Sif Muna.
 16982 | D:8      | Reached skill level 5 in Translocations
 19209 | D:8      | Noticed Eustachio
 19232 | D:8      | Killed Eustachio
 19849 | D:8      | Identified the +2 demon blade of Dikhlesh {speed, *Drain
                  | rN+ Int+3}
 19873 | D:9      | Noticed a two-headed ogre
 19879 | D:9      | Killed a two-headed ogre
 19880 | D:9      | Reached skill level 9 in Maces & Flails
 19880 | D:9      | Reached XP level 11. HP: 55/119 MP: 17/17
 20121 | D:9      | Received a gift from Nemelex Xobeh
 20496 | D:9      | Found Afoulul's Magic Scroll Shoppe.
 20514 | D:9      | Bought a scroll of blinking for 120 gold pieces
 20514 | D:9      | Bought a scroll of fog for 32 gold pieces
 20514 | D:9      | Noticed Gastronok
 20930 | D:9      | Reached *** piety under Nemelex Xobeh
 21296 | D:9      | Found a hide-covered altar of Uskayaw.
 21354 | D:9      | Killed Gastronok
 21355 | D:9      | Reached skill level 10 in Maces & Flails
 21453 | D:9      | Found a large runed translucent door.
 21453 | D:9      | Found a large runed translucent door.
 21458 | D:9      | Noticed a cyclops
 21465 | D:9      | Noticed a centaur warrior
 21743 | D:9      | Noticed a cyclops
 21774 | D:10     | Entered Level 10 of the Dungeon
 22111 | D:10     | Identified the +4 great sword of the Elven Halls {spect,
                  | Fragile Str+3 Dex+4}
 22197 | D:10     | Noticed a skeletal warrior
 22197 | D:10     | Noticed a skeletal warrior
 22229 | D:10     | Killed a skeletal warrior
 22405 | D:10     | Noticed a skeletal warrior
 22610 | D:10     | Noticed a fire dragon
 22901 | D:10     | Noticed an orc knight
 22902 | D:10     | Noticed a death knight
 23487 | D:10     | Noticed a skeletal warrior
 23696 | D:10     | Reached skill level 11 in Maces & Flails
 25383 | D:11     | Noticed a manticore
 25402 | D:11     | Noticed a manticore
 25554 | D:11     | Killed a manticore
 25555 | D:11     | Reached skill level 12 in Maces & Flails
 25555 | D:11     | Reached XP level 12. HP: 97/132 MP: 14/18
 25669 | D:11     | Received a gift from Nemelex Xobeh
 25829 | D:11     | Noticed a boulder beetle
 25851 | D:11     | Killed a boulder beetle
 26085 | D:11     | Reached **** piety under Nemelex Xobeh
 26317 | D:11     | Found a staircase to the Lair.
 26807 | D:11     | Reached skill level 13 in Maces & Flails
 27146 | D:11     | Found a staircase to the Orcish Mines.
 27580 | Orc:1    | Entered Level 1 of the Orcish Mines
 29429 | Orc:2    | Entered Level 2 of the Orcish Mines
 29726 | Orc:2    | Noticed Sonja
 30618 | Orc:1    | Shot with a bolt by an orc knight

Illustrated notes

Levels and vault maps discovered:
D:1:      evilmike_arrival_grusome_pit, layout_loops_ring, serial_shops, shop
D:2:      layout_rooms, nicolae_overflow_hidden_temple, hex_intersection
D:3:      layout_loops_cross, nicolae_qazlal_general_emergency,
          cheibriados_altar_1, roderic_roman_lattice, minmay_misc_feat_room,
          uniq_jessica, uniq_natasha
D:4:      layout_basic, minmay_temple_entry_large_hall,
          minmay_misc_feat_secret_circle, nemelex_diamond_rough_becter
D:5:      layout_loops_ring, serial_park_tiny_pond
D:6:      minmay_goblin_kobold_castle, layout_basic, serial_park_tiny_1
D:7:      layout_loops_ring, beargit_hepliaklqana_dungeon_heroes,
          bloody_makhleb, xom_butterflies, nicolae_dithmenos_the_darkroom
D:8:      layout_loops_corners, lemuel_crystal_altar,
          wad_floor_pattern_untrapped, minmay_liquid_box, kennysheep_diamond,
          sword_in_stone
D:9:      okawaru_arena_lexackson, layout_irregular_city,
          nicolae_uskayaw_dance_studio, serial_shops, shop_statue, minivault_21,
          uniq_gastronok
D:10:     minmay_thinvault, layout_stronghold, grunt_tough_drop
D:11:     layout_loops_ring, due_lair_maze_entry_diamond
Orc:1:    layout_caves
Orc:2:    st_orc_rangers, layout_caves, basic_altar, uniq_urug, uniq_sonja,
          uniq_josephine

Skill      XL: |  1  2  3  4  5  6  7  8  9 10 11 12 |
---------------+-------------------------------------+-----
Fighting       | 3 4 5 6 7 9 10 12 | 12.0
Spellcasting   | 3 4 |  4.0
Translocations | 3 4 6 |  6.0
Maces & Flails | 3 4 5 8 9 12 13 | 13.9
Stealth        | 2 |  2.0
Dodging        | 3 4 |  4.0
Invocations    | 3 4 |  4.0
Evocations     | 2 4 |  4.0
Throwing       | |  1.0

Action                   |  1- 3 |  4- 6 |  7- 9 | 10-12 || total
-------------------------+-------+-------+-------+-------++-------
Melee: Mace              |   138 |   129 |       |       ||   267
       Flail             |       |    67 |   485 |   713 ||  1265
Throw: Dart              |       |    15 |    94 |   128 ||   237
       Large rock        |       |       |     5 |     1 ||     6
       Boomerang         |       |       |       |     1 ||     1
 Cast: Blink             |       |    15 |     2 |     7 ||    24
       Lesser Beckoning  |       |       |     4 |    26 ||    30
       Teleport Other    |       |       |       |     2 ||     2
Invok: Draw Destruction  |       |       |     6 |    12 ||    18
       Draw Escape       |       |       |     3 |     2 ||     5
       Draw Summoning    |       |       |       |     7 ||     7
Evoke: Wand              |       |     7 |    12 |     3 ||    22
  Use: Scroll            |       |     1 |     7 |     8 ||    16
       Potion            |       |     2 |     4 |     5 ||    11
 Stab: Sleeping          |       |       |       |     1 ||     1
Armor: Robe              |    73 |    38 |   143 |   145 ||   399
Dodge: Dodged            |    83 |    77 |   220 |   303 ||   683
Block: Other             |       |       |    85 |   180 ||   265
       Reflection        |       |       |     5 |     6 ||    11

Table legend: (Time is in decaauts)
 A = Elapsed time spent in this place.
 B = Non-inter-level travel time spent in this place.
 C = Inter-level travel time spent in this place.
 D = Time resting spent in this place.
 E = Time spent auto-exploring this place.
 F = Levels seen in this place.
 G = Mean time per level.
                   A        B        C        D        E       F      G
               +--------+--------+--------+--------+--------+-----+--------+
         Total |  30749 |  29533 |   1216 |  13696 |  11656 |  13 | 2365.3 |
       Dungeon |  28999 |  27847 |   1152 |  12727 |  11333 |  11 | 2636.3 |
  Orcish Mines |   1750 |   1686 |     64 |    969 |    323 |   2 |  875.0 |
               +--------+--------+--------+--------+--------+-----+--------+

Top non-repeatable levels by time:
     D:6: 4765 daAuts
    D:10: 3636 daAuts
    D:11: 3158 daAuts
     D:8: 3064 daAuts
     D:1: 2873 daAuts
     D:5: 2071 daAuts
     D:4: 1972 daAuts
     D:7: 1945 daAuts
     D:2: 1943 daAuts
     D:9: 1900 daAuts
   Orc:1: 1714 daAuts
     D:3: 1668 daAuts
   Orc:2: 35 daAuts
